 Dungeon Crawl Stone Soup version 0.30-a0-1075-gcd70e7a56d (webtiles) character file.

Game seed: 11546405076903104260

176 avis the Grasshopper (level 5, -1/45 HPs)
             Began as a Naga Warper on Apr 15, 2023.
             Slain by a sleepcap (3 damage)
             ... on level 4 of the Dungeon.
             The game lasted 00:20:49 (2679 turns).

avis the Grasshopper (Naga Warper)                  Turns: 2679, Time: 00:20:50

Health: -1/45      AC:  3    Str: 13    XL:     5   Next: 56%
Magic:  7/9        EV:  9    Int: 26    God:
Gold:   184        SH:  0    Dex: 12    Spells: 5/10 levels left

rFire   . . .      SeeInvis +    f - +1 dagger (freeze)
rCold   . . .      Faith    .    (no shield)
rNeg    . . .      Spirit   .    b - +0 leather armour
rPois   +          Reflect  .    (no helmet)
rElec   .          Rampage  .    (no cloak)
rCorr   .                        (no gloves)
Will    .....                    (no barding)
Stlth   ++                       (no amulet)
HPRegen 0.27/turn                s - +6 ring of intelligence
MPRegen 0.11/turn                B - +6 ring of intelligence

@: short of breath, very slow
A: AC +1, large, see invisible, deformed body, poison resistance, slowness 2,
spit poison 1, naga tail 1
a: Spit Poison


You were on level 4 of the Dungeon.
You visited 1 branch of the dungeon, and saw 4 of its levels.

You collected 184 gold pieces.

Inventory:

Hand Weapons
 a - a +0 hand axe
 f - a +1 dagger of freezing (weapon)
 z - a +0 war axe
Missiles
 d - 7 boomerangs of dispersal (quivered)
 i - 72 stones
 A - 4 poisoned darts
Armour
 b - a +0 leather armour (worn)
 x - a +0 chain mail of willpower
Jewellery
 s - a +6 ring of intelligence (left hand)
 B - a +6 ring of intelligence (right hand)
Wands
 w - a wand of polymorph (1)
Scrolls
 c - 2 scrolls of blinking
 e - 3 scrolls of enchant weapon {unknown}
 h - 2 scrolls of teleportation {unknown}
 k - 3 scrolls of noise {unknown}
 l - 2 scrolls of identify {unknown}
 n - 2 scrolls of fog {unknown}
 o - 2 scrolls of acquirement {unknown}
 p - a scroll of enchant armour {unknown}
 q - 2 scrolls of immolation
 r - a scroll of brand weapon {unknown}
 y - 2 scrolls of fear {unknown}
Potions
 g - a potion of heal wounds {unknown}
 m - a potion of might {unknown}
 t - a potion of haste {unknown}
 u - a potion of attraction {unknown}
 v - a potion of mutation {unknown}


   Skills:
 - Level 2.0 Fighting
 - Level 2.0 Axes
 - Level 0.8 Throwing
 - Level 1.0 Armour
 - Level 2.0 Dodging
 - Level 3.0 Stealth
 - Level 3.0 Spellcasting
 * Level 4.8 Translocations


You had 5 spell levels left.
You knew the following spells:

 Your Spells              Type           Power      Damage    Failure   Level
b - Blink                 Tloc           58%        N/A       2%          2
h - Vhi's Electric Charg  Tloc/Air       32%        N/A       14%         3

Your spell library contained the following spells:

 Spells                   Type           Power      Damage    Failure   Level
 Lesser Beckoning         Tloc           58%        N/A       2%          2
 Teleport Other           Tloc           29%        N/A       4%          3
 Magic Dart               Conj           12%        1d3       12%         1
 Summon Small Mammal      Summ           12%        N/A       12%         1
 Manifold Assault         Tloc           29%        N/A       17%         4
 Searing Ray              Conj           6%         2d4       19%         2
 Call Canine Familiar     Summ           3%         N/A       34%         3
 Summon Guardian Golem    Hex/Summ       3%         N/A       34%         3
 Fulminant Prism          Conj/Hex       1%         3d5       75%         4


Dungeon Overview and Level Annotations

Branches:
Dungeon (4/15)
 Temple: D:4-7

Altars:
Yredelemnul


Innate Abilities, Weirdness & Mutations

Your serpentine skin is tough. (AC +1)
You have supernaturally acute eyesight. (SInv)
Armour fits poorly on your strangely shaped body.
Your system is resistant to poisons. (rPois)
You cover ground very slowly.
You can spit poison.
You have a snake-like lower body.


Message History

The sleepcap is moderately damaged.
The sleepcap releases spores at you.
* * * LOW HITPOINT WARNING * * *
You are engulfed in a cloud of soporific spores!
You are unaffected.
You hit the sleepcap. You freeze the sleepcap.
The sleepcap is heavily damaged.
The sleepcap releases spores at you!
* * * LOW HITPOINT WARNING * * *
You feel better. The sleepcap releases spores at you.
* * * LOW HITPOINT WARNING * * *
Casting: Vhi's Electric Charge (dangerous; 14% risk of failure)
Confirm with . or Enter, or press ? or * to list all spells.
You blink.
You can't do that yet.
Unknown command.
Okay, then.
You hit the sleepcap but do no damage.
The sleepcap is heavily damaged.
The sleepcap closely misses you.
You hit the sleepcap. You freeze the sleepcap.
The sleepcap is severely damaged.
You have got your breath back.
The sleepcap barely misses you.
You hit the sleepcap. You freeze the sleepcap.
The sleepcap is almost destroyed.
You feel stable enough to blink again. The sleepcap releases spores at you!
* * * LOW HITPOINT WARNING * * *
Okay, then.
You hit the sleepcap but do no damage.
The sleepcap is almost destroyed.
The sleepcap misses you.
Aiming: Spit Poison (1% risk of failure)
Press: ? - help, Shift-Dir - straight line, f/p - sleepcap
Aim: a sleepcap (almost destroyed, 100% to hit)
The splash of poison hits the sleepcap.
The sleepcap is almost destroyed.
The sleepcap releases spores at you.
You die...

######## . ........ ..
........ ...
........############....
........+...#...........
........#...#...........
#####+###...'..f@.......
#....#.....##....
####'###...# .
#......#...#
#......#.....
#......#......
########......#......
..............#...##.
........#######


You could see a sleepcap.

Vanquished Creatures
  A hound (D:4)
  Terence (D:3)
  7 adders
  A worm (D:2)
  A dart slug (D:1)
  4 orcs
  5 ball pythons
  2 bats
  4 endoplasms
  A giant cockroach (D:1)
  5 hobgoblins
  2 jackals (D:3)
  2 quokkas (D:3)
  6 frilled lizards
  6 goblins
  5 kobolds
  3 rats
56 creatures vanquished.

Notes
Turn   | Place    | Note
-------+----------+-------------------------------------------
     0 | D:1      | avis the Naga Warper began the quest for the Orb.
     0 | D:1      | Reached XP level 1. HP: 19/19 MP: 3/3
    68 | D:1      | Reached skill level 1 in Stealth
   183 | D:1      | Reached XP level 2. HP: 26/26 MP: 5/5
   237 | D:1      | Learned a level 2 spell: Blink
   840 | D:2      | Reached skill level 1 in Armour
   858 | D:2      | Reached XP level 3. HP: 32/32 MP: 6/6
   867 | D:2      | Learned a level 3 spell: Vhi's Electric Charge
  1603 | D:3      | Found a faded altar of an unknown god.
  1644 | D:3      | Reached skill level 4 in Translocations
  1644 | D:3      | Reached XP level 4. HP: 39/39 MP: 7/7
  1683 | D:3      | Found a basalt altar of Yredelemnul.
  1914 | D:3      | Noticed Terence
  1946 | D:3      | Killed Terence
  2080 | D:3      | Reached XP level 5. HP: 39/45 MP: 6/9
  2677 | D:4      | HP: 2/45 [sleepcap (7)]
  2679 | D:4      | Slain by a sleepcap

Illustrated notes

Levels and vault maps discovered:
D:1:      wheals_arrival_linesprint, layout_rooms, nicolae_figureground_sparkle
D:2:      layout_rooms
D:3:      layout_rooms, mainiacjoe_overflow_tiny_flanked,
          hellmonk_ecumenical_altar_blasted, st_stairs_8, uniq_terence
D:4:      layout_gridville, uniq_menkaure

Skill      XL: |  1  2  3  4 |
---------------+-------------+-----
Stealth        | 2 3 |  3.0
Dodging        | 2 |  2.0
Armour         | 1 |  1.0
Translocations | 4 |  4.8
Spellcasting   | 3 |  3.0
Fighting       | |  2.0
Axes           | |  2.0
Throwing       | |  0.8

Action                     |  1- 3 |  4- 6 || total
---------------------------+-------+-------++-------
  Melee: Hand axe          |    12 |       ||    12
         Dagger            |    65 |    56 ||   121
         Punch             |     1 |     1 ||     2
         Unarmed           |       |    10 ||    10
   Cast: Vhi's Electric Ch |       |     4 ||     4
         Blink             |       |     2 ||     2
Ability: Spit Poison       |    25 |    22 ||    47
    Use: Potion            |       |     2 ||     2
   Stab: Sleeping          |     1 |     1 ||     2
 Armour: Leather armour    |    12 |    11 ||    23
         Skin              |       |     2 ||     2
  Dodge: Dodged            |    38 |    26 ||    64

Table legend: (Time is in decaauts)
 A = Elapsed time spent in this place.
 B = Non-inter-level travel time spent in this place.
 C = Inter-level travel time spent in this place.
 D = Time resting spent in this place.
 E = Time spent auto-exploring this place.
 F = Levels seen in this place.
 G = Mean time per level.
                   A        B        C        D        E       F      G
               +--------+--------+--------+--------+--------+-----+--------+
         Total |   3431 |   3003 |    428 |    442 |   1627 |   4 |  857.8 |
       Dungeon |   3431 |   3003 |    428 |    442 |   1627 |   4 |  857.8 |
               +--------+--------+--------+--------+--------+-----+--------+

Top non-repeatable levels by time:
     D:1: 1175 daAuts
     D:3: 1088 daAuts
     D:2: 756 daAuts
     D:4: 411 daAuts
